 Dungeon Crawl Stone Soup version 0.30.0-19-gbf45117a57 (webtiles) character file.

Game seed: 11915720181011301493

1129 qw the Chopper (level 8, -7/49 HPs)
             Began as a Gargoyle Fighter on May 23, 2023.
             Mangled by a gnoll
             ... wielding the +11 hand axe "Cedwywku" {flame, *Rage rC+ Str+2 Dex+4}
              (12 damage)
             ... on level 5 of the Dungeon.
             The game lasted 00:01:41 (4196 turns).

qw the Chopper (Gargoyle Fighter)                   Turns: 4196, Time: 00:01:42

Health: -7/49      AC: 20    Str: 22    XL:     8   Next: 35%
Magic:  8/8        EV:  8    Int:  9    God:
Gold:   315        SH:  9    Dex:  9    Spells: 7/7 levels left

rFire   . . .        n - +0 war axe (spect)
rCold   . . .        c - +0 buckler
rNeg    + . .        m - +0 chain mail
rPois   inf          q - +2 helmet
rElec   +            g - +0 cloak
rCorr   .            (no gloves)
SInv    .            e - +0 pair of boots
Will    +....        l - amulet of reflection Stlth
                     (no ring)
HPRegen 0.28/turn    (no ring)
MPRegen 0.11/turn

%: reflection
@: about to teleport
A: sickness immunity, AC +5, negative energy resistance 1, electricity
resistance, torment resistance 1, petrification resistance, strong-willed 1,
subdued magic 1
a: no special abilities


You were on level 5 of the Dungeon.
You visited 2 branches of the dungeon, and saw 6 of its levels.

You collected 315 gold pieces.


Innate Abilities, Weirdness & Mutations

You are immune to sickness and miasma.
Your stone body is resilient. (AC +5)
You are immune to poison.
You resist negative energy. (rN+)
You are resistant to electric shocks. (rElec)
You are resistant to unholy torment.
You are immune to petrification.
You are strong-willed. (Will+)
Your spells are a little easier to cast, but a little less powerful.


   Skills:
 - Level 5.1 Fighting
 + Level 7.8 Axes
 - Level 4.0 Armour
 - Level 1.6 Dodging
 - Level 3.2 Shields


You had 7 spell levels left.
You didn't know any spells.
Your spell library was empty.

Inventory:

Hand Weapons
 n - a +0 spectral war axe (weapon)
 o - a +0 morningstar
Armour
 c - a +0 buckler (worn)
 e - a +0 pair of boots (worn)
 g - a +0 cloak (worn)
 m - a +0 chain mail (worn)
 q - a +2 helmet (worn)
Jewellery
 l - an amulet of reflection (around neck)
Scrolls
 b - a scroll of identify
 k - a scroll of teleportation
Potions
 a - a potion of mutation
 d - a potion of might
 f - 2 potions of curing
 h - a potion of flight {unknown}
 i - a potion of attraction
 j - a potion of degeneration {unknown}
 p - 2 potions of lignification
 r - a potion of heal wounds {unknown}

Dungeon Overview and Level Annotations

Branches:
Dungeon (5/15)             Temple (1/1) D:5

Altars:
Ashenzari
Fedhas
Gozag
Nemelex Xobeh
Qazlal
Trog
Uskayaw
Yredelemnul
Zin
The Shining One

Shops:
D:2 (


Message History

The gnoll barely misses you. The gnoll hits you with a +0 spear!
Things that are here:
a +0 spear; a +0 flail; a +0 flail You barely miss the gnoll.
The gnoll barely misses you. The gnoll hits you with a +0 spear.
You closely miss the gnoll. You block the gnoll's attack.
The gnoll hits you but does no damage. You block the gnoll's attack.
The gnoll hits you but does no damage.
You hit the gnoll.
The gnoll is lightly wounded.
You block the gnoll's attack. The gnoll hits you but does no damage.
You completely miss the gnoll.
The gnoll is lightly wounded.
You block the gnoll's attack. The gnoll hits you but does no damage.
You slash the gnoll!
The gnoll is severely wounded.
The gnoll hits you from afar with a +0 spear of venom.
The gnoll hits you but does no damage.
You hit the gnoll.
The gnoll is almost dead.
The gnoll hits you but does no damage. The gnoll hits you with a +0 spear.
You hit the gnoll but do no damage.
The gnoll is almost dead.
You block the gnoll's attack. The gnoll barely misses you.
You slash the gnoll!
You kill the gnoll!
The gnoll hits you but does no damage.
Found a spear.
You block the gnoll's attack.
You see here a +0 spear.
You slash the gnoll!
You kill the gnoll!
The gnoll goes berserk!
The gnoll hits you with the +11 hand axe "Cedwywku" {flame, *Rage rC+ Str+2 Dex+4}!!
The gnoll burns you.
4196 ||| READING 2 scrolls of teleportation.
As you read the scroll of teleportation, it crumbles to dust.
You feel strangely unstable.
The gnoll hits you with the +11 hand axe "Cedwywku" {flame, *Rage rC+ Str+2 Dex+4}!
You die...

# #.##.####(## #
#.##.# #.# #
###### #.# # ###
# ) # 7.. 7....
###77)..7..
######))@gg.....
####
#.PP...#77....7.
...# #P.P...#
7.).. ..(#
#..>...# 7..
...# #PP.P..# .
...# #..P...#
### ...#
##.....# #.#
...### #..#####
#.# .....# #.##
#.#


You could see 2 gnolls.

Vanquished Creatures
  Pikel (D:4)
  3 ogres
  A phantom (D:3)
  An orc priest (D:4)
  2 sleepcaps (D:4)
  An iguana (D:5)
  Terence (D:3)
  2 orc wizards (D:4)
  6 gnolls (D:5)
  4 adders
  An ufetubus (D:4)
  A worm (D:5)
  5 dart slugs
  4 orcs (D:4)
  6 ball pythons
  4 bats
  13 endoplasms
  A giant cockroach (D:3)
  5 goblins
  8 hobgoblins
  5 kobolds
  5 quokkas
  2 frilled lizards (D:2)
  3 rats
85 creatures vanquished.

Vanquished Creatures (others)
  A spectral weapon (D:5)
1 creature vanquished.

Grand Total: 86 creatures vanquished

Notes
Turn   | Place    | Note
-------+----------+-------------------------------------------
     0 | D:1      | qw the Gargoyle Fighter began the quest for the Orb.
     0 | D:1      | Reached XP level 1. HP: 14/14 MP: 1/1
     0 | D:1      | 0 ||| qw: Version: 0.2-a-98-g5d7165a
     0 | D:1      | 0 ||| qw: Game counter: 32
     0 | D:1      | 0 ||| qw: Always use a shield: true
     0 | D:1      | 0 ||| qw: God list: Okawaru
     0 | D:1      | 0 ||| qw: Allow faded altars: false
     0 | D:1      | 0 ||| qw: Do Orc after D:15 true
     0 | D:1      | 0 ||| qw: Do second Lair branch before Depths: true
     0 | D:1      | 0 ||| qw: Lair rune preference: random
     0 | D:1      | 0 ||| qw: Plans: Normal, Zot:1-4, God:TSO, Crypt, Tomb,
                  | Pan, Slime:5, Hells, Abyss, Win
     0 | D:1      | 0 ||| PLANNING D:1-11
    23 | D:1      | Reached skill level 2 in Axes
    80 | D:1      | Reached XP level 2. HP: 19/19 MP: 2/2
   201 | D:1      | 201 ||| Stepping ~*~*~tactically~*~*~ (hiding).
   307 | D:1      | 307 ||| Stepping ~*~*~tactically~*~*~ (hiding).
   312 | D:1      | Reached skill level 3 in Axes
   420 | D:1      | Reached XP level 3. HP: 23/23 MP: 3/3
   540 | D:1      | 540 ||| Stepping ~*~*~tactically~*~*~ (hiding).
   917 | D:1      | 917 ||| UPGRADING to +0 pair of boots.
   922 | D:1      | 922 ||| UPGRADING to +0 cloak.
   927 | D:1      | 927 ||| UPGRADING to +0 chain mail.
   937 | D:1      | 937 ||| DROPPING +0 scale mail.
   938 | D:1      | 938 ||| READING scroll labelled GAOMPI DANY.
   939 | D:1      | 939 ||| READING scroll labelled ZAMEIJ AMEMI.
   940 | D:1      | 940 ||| READING scroll labelled ZAUXEKHL XIZIT.
   941 | D:1      | 941 ||| READING scroll labelled PEFETH NANEN.
  1231 | D:2      | 1231 ||| DROPPING +0 club.
  1311 | D:2      | 1311 ||| Stepping ~*~*~tactically~*~*~ (hiding).
  1313 | D:2      | 1313 ||| Stepping ~*~*~tactically~*~*~ (hiding).
  1315 | D:2      | 1315 ||| Stepping ~*~*~tactically~*~*~ (hiding).
  1316 | D:2      | 1316 ||| Stepping ~*~*~tactically~*~*~ (hiding).
  1385 | D:2      | Found a faded altar of an unknown god.
  1447 | D:2      | 1447 ||| Stepping ~*~*~tactically~*~*~ (stealth).
  1599 | D:2      | Reached XP level 4. HP: 28/28 MP: 4/4
  1698 | D:2      | Found Puirosm's Weapon Boutique.
  2000 | D:2      | 2000 ||| DROPPING orb of energy.
  2001 | D:2      | 2001 ||| DROPPING amulet of faith.
  2002 | D:2      | 2002 ||| READING scroll labelled JUH IWKOIZATHROCSO.
  2003 | D:2      | 2003 ||| READING scroll labelled NAATEM PIDATING.
  2008 | D:2      | 2008 ||| DRINKING 2 fuming sapphire potions.
  2008 | D:2      | Gained mutation: Your spells are a little easier to cast,
                  | but a little less powerful. [potion of mutation]
  2008 | D:2      | Gained mutation: Your mind is acute. (Int +4, Str/Dex -1)
                  | [potion of mutation]
  2008 | D:2      | Lost mutation: Your mind is acute. (Int +4, Str/Dex -1)
                  | [potion of mutation]
  2008 | D:2      | Gained mutation: You are strong-willed. (Will+) [potion of
                  | mutation]
  2009 | D:2      | 2009 ||| DRINKING 2 brown potions.
  2010 | D:2      | 2010 ||| DRINKING 2 bubbling blue potions.
  2114 | D:2      | 2114 ||| DROPPING potion of berserk rage.
  2125 | D:3      | Noticed a phantom
  2136 | D:3      | Killed a phantom
  2137 | D:3      | Reached skill level 4 in Axes
  2137 | D:3      | Reached XP level 5. HP: 22/32 MP: 5/5
  2223 | D:3      | Found an opulent altar of Gozag.
  2225 | D:3      | Found a broken altar of Ashenzari.
  2231 | D:3      | Found a stormy altar of Qazlal.
  2236 | D:3      | 2236 ||| DROPPING +0 whip.
  2258 | D:3      | Noticed Terence
  2266 | D:3      | Killed Terence
  2267 | D:3      | Reached skill level 5 in Axes
  2598 | D:3      | 2598 ||| DRINKING 2 black potions.
  2599 | D:3      | 2599 ||| DROPPING potion of brilliance.
  2696 | D:4      | 2696 ||| Stepping ~*~*~tactically~*~*~ (stealth).
  2697 | D:4      | 2697 ||| Stepping ~*~*~tactically~*~*~ (stealth).
  2818 | D:4      | Noticed an ogre
  2825 | D:4      | Killed an ogre
  2826 | D:4      | Reached XP level 6. HP: 40/40 MP: 6/6
  2848 | D:4      | Found a blossoming altar of Fedhas.
  2851 | D:4      | 2851 ||| Stepping ~*~*~tactically~*~*~ (hiding).
  2978 | D:4      | 2978 ||| DROPPING +0 flail.
  3288 | D:4      | 3288 ||| Stepping ~*~*~tactically~*~*~ (stealth).
  3293 | D:4      | Noticed Pikel
  3299 | D:4      | Reached XP level 7. HP: 44/44 MP: 7/7
  3324 | D:4      | Killed Pikel
  3325 | D:4      | Reached skill level 7 in Axes
  3325 | D:4      | Reached XP level 8. HP: 24/48 MP: 8/8
  3638 | D:4      | 3638 ||| UPGRADING to +2 helmet.
  3643 | D:4      | 3643 ||| UPGRADING to amulet of reflection.
  3648 | D:4      | 3648 ||| DROPPING amulet of guardian spirit.
  3649 | D:4      | 3649 ||| DRINKING 2 viscous red potions.
  3694 | D:4      | 3694 ||| READING 2 scrolls of identify.
  3694 | D:4      | 3694 ||| IDENTIFYING sapphire potion
  3727 | D:5      | Entered Level 5 of the Dungeon
  3819 | D:5      | 3819 ||| DROPPING +0 flail of draining.
  3831 | D:5      | Reached skill level 1 in Dodging
  4122 | D:5      | Found a staircase to the Ecumenical Temple.
  4123 | D:5      | 4123 ||| PLANNING TEMPLE
  4133 | Temple   | Entered the Ecumenical Temple
  4147 | Temple   | 4147 ||| PLANNING D:1-11
  4165 | D:5      | 4165 ||| Stepping ~*~*~tactically~*~*~ (hiding).
  4169 | D:5      | 4169 ||| Stepping ~*~*~tactically~*~*~ (hiding).
  4179 | D:5      | 4179 ||| Stepping ~*~*~tactically~*~*~ (hiding).
  4182 | D:5      | Identified the +11 hand axe "Cedwywku" {flame, *Rage rC+
                  | Str+2 Dex+4}
  4195 | D:5      | HP: 8/49 [gnoll/the +11 hand axe "Cedwywku" {flame, *Rage
                  | rC+ Str+2 Dex+4} (20)]
  4196 | D:5      | 4196 ||| READING 2 scrolls of teleportation.
  4196 | D:5      | Mangled by a gnoll

Levels and vault maps discovered:
D:1:      spicycebolla_arrival_xxxplode, layout_basic
D:2:      layout_basic, serial_shops, shop, basic_ecumenical_altar
D:3:      minmay_wonky_spiral, layout_basic, grunt_temple_overflow_open,
          minmay_misc_feat_rows, uniq_terence
D:4:      layout_cave_pods, fedhas_altar_3, minmay_bisected, uniq_pikel
D:5:      layout_basic, minmay_temple_entry_overgrown,
          pf_guarded_unrand_woodcutter
Temple:   hellmonk_temple_rainy

Skill      XL: |  1  2  3  4  5  6  7  8 |
---------------+-------------------------+-----
Axes           | 2 3 4 5 7 |  7.8
Fighting       | 4 5 |  5.1
Dodging        | 1 |  1.6
Armour         | 4 |  4.0
Shields        | |  3.2

Action                     |  1- 3 |  4- 6 |  7- 9 || total
---------------------------+-------+-------+-------++-------
  Melee: War axe           |    60 |    64 |    72 ||   196
  Throw: Boomerang         |    28 |    11 |       ||    39
    Use: Scroll            |     4 |     2 |     2 ||     8
         Potion            |       |     4 |     1 ||     5
 Armour: Scale mail        |    16 |       |       ||    16
         Chain mail        |     9 |    26 |    29 ||    64
  Dodge: Dodged            |    29 |    16 |    20 ||    65
  Block: Buckler           |    13 |    10 |    21 ||    44

Table legend:
 A = Non-vault XP
 B = Vault XP
 C = Vault XP percentage of total XP
 D = Non-vault monster count
 E = Vault monster count
 F = Vault count percentage of total count
                 A         B        C        D         E       F
            +---------+---------+-------+---------+---------+-------
      Total |     874 |     739 |  45.8 |      75 |      10 |  11.8
            +---------+---------+-------+---------+---------+-------
        D:1 |      56 |       0 |   0.0 |      26 |       0 |   0.0
        D:2 |      34 |       0 |   0.0 |      14 |       0 |   0.0
        D:3 |     142 |      36 |  20.2 |       9 |       1 |  10.0
        D:4 |     350 |     617 |  63.8 |      21 |       3 |  12.5
        D:5 |     292 |      86 |  22.8 |       5 |       6 |  54.5
            +---------+---------+-------+---------+---------+-------
